AoeStats
← WoTown

Arena

506263852Analyzed
4v4 RM · 21d ago on Sep 13, 2026· 50m 21s· 8 players
Game mode
Random Map
Map size
Large (8 player)
Population
200
Speed
Normal
Resources
Standard
Victory
Conquest
Starting age
Dark Age
Ending age
Imperial Age
RankedLock teamsTeams togetherTeam positionsShared explorationLock speedFull tech treeHidden civsTurbo modeCheats
Victory
Defeat
🇺🇸 Bohemians · United States
758
+8
🇺🇸 Romans · United States
708
+9
🇺🇸 Celts · United States
701
+9
🇺🇸 Franks · United States
686
+10
🇺🇸 Chinese · United States
661
-12
🇦🇷 Poles · Argentina
526
-8
🇨🇴 Khmer · Colombia
518
-8
🇺🇸 Huns · United States
505
-8
D3adFoxx
0:28 Loom
15:16 Feudal Age
16:00 Horse Collar
20:09 Castle Age
18:58 Double-Bit Axe
21:03 Wheelbarrow
26:22 Bow Saw
27:56 Hand Cart
39:02 Elite Skirmisher
39:48 Thumb Ring
42:46 Crossbowman
46:49 Imperial Age
Ambwind
1:54 Loom
12:05 Feudal Age
14:12 Wheelbarrow
19:04 Town Watch
22:48 Castle Age
24:29 Scale Barding Armor
24:46 Forging
25:41 Horse Collar
25:46 Elite Skirmisher
28:34 Padded Archer Armor
28:24 Fletching
29:10 Iron Casting
28:56 Chain Barding Armor
28:50 Thumb Ring
31:45 Bodkin Arrow
32:06 Leather Archer Armor
43:06 Hand Cart
42:52 Town Patrol
50:58 Imperial Age
50:04 Marauders
ASH3R.
12:38 Feudal Age
13:55 Wheelbarrow
13:09 Double-Bit Axe
13:06 Horse Collar
13:52 Gold Mining
17:37 Stone Mining
21:47 Castle Age
23:10 Hand Cart
23:15 Bow Saw
23:14 Heavy Plow
25:58 Caravan
32:17 Imperial Age
31:41 Scale Barding Armor
31:38 Scale Mail Armor
31:49 Forging
32:23 Masonry
34:47 Coinage
34:34 Fortified Wall
34:12 Elite Ballista Elephant
34:26 Elite Ballista Elephant
37:29 Banking
39:36 Double Crossbow
40:12 Tusk Swords
41:51 Chain Barding Armor
41:47 Chain Mail Armor
42:08 Iron Casting
ezequielb89
0:52 Loom
15:20 Feudal Age
16:01 Horse Collar
16:12 Double-Bit Axe
17:25 Wheelbarrow
16:36 Town Watch
20:20 Gold Mining
20:20 Stone Mining
natepc123
2:40 Loom
11:13 Feudal Age
11:40 Double-Bit Axe
11:38 Horse Collar
18:48 Castle Age
17:06 Stone Mining
18:23 Wheelbarrow
17:46 Town Watch
18:30 Gold Mining
19:47 Bow Saw
19:40 Heavy Plow
23:56 Hand Cart
26:28 Town Patrol
31:34 Imperial Age
30:00 Stone Shaft Mining
30:02 Gold Shaft Mining
32:27 Murder Holes
32:13 Treadmill Crane
32:54 Ballistics
33:01 Conscription
33:12 Stronghold
32:54 Sappers
34:38 Husbandry
35:43 Fletching
36:03 Forging
35:54 Scale Mail Armor
35:59 Scale Barding Armor
36:44 Masonry
36:20 Arrowslits
37:28 Cavalier
38:04 Elite Woad Raider
39:44 Furor Celtica
40:16 Paladin
41:40 Chain Barding Armor
41:35 Chain Mail Armor
43:39 Hoardings
44:33 Fortified Wall
45:12 Iron Casting
46:28 Plate Mail Armor
47:03 Blast Furnace
47:45 Bodkin Arrow
49:22 Siege Engineers
50:18 Chemistry
49:08 Heated Shot
maverick23
10:30 Feudal Age
11:07 Double-Bit Axe
12:15 Loom
14:41 Wheelbarrow
17:28 Castle Age
19:51 Wheelbarrow
20:49 Stone Mining
21:36 Bow Saw
23:26 Squires
26:36 Gambesons
28:38 Hand Cart
28:47 Gold Mining
30:21 Ballistics
30:13 Fortified Wall
32:10 #83
31:18 Pikeman
34:26 Husbandry
37:51 Masonry
38:16 Fletching
38:28 Padded Archer Armor
38:29 Scale Mail Armor
38:54 Caravan
40:49 Murder Holes
40:57 Bodkin Arrow
41:09 Scale Barding Armor
44:39 Coinage
48:19 Imperial Age
46:16 Chain Barding Armor
46:08 Forging
46:14 Chain Mail Armor
46:15 Leather Archer Armor
48:25 Heavy Scorpion
51:15 Chemistry
50:47 Architecture
51:03 Plate Barding Armor
51:04 Iron Casting
50:44 Chivalry
51:09 Conscription
WoTown
0:36 Loom
11:50 Feudal Age
12:56 Double-Bit Axe
12:54 Horse Collar
21:37 Castle Age
22:53 Bow Saw
27:28 Heavy Plow
31:39 Crossbowman
34:54 Imperial Age
34:36 Chemistry
33:57 Ballistics
34:48 Fletching
34:59 Padded Archer Armor
34:35 Pikeman
36:26 Conscription
36:36 Arbalester
42:20 Two-Man Saw
42:10 Wheelbarrow
43:56 Leather Archer Armor
43:36 Bodkin Arrow
44:38 Onager
49:33 Houfnice
lindapc12345
0:38 Loom
12:12 Feudal Age
23:01 Castle Age
22:09 Double-Bit Axe
23:11 Bloodlines
27:34 Bow Saw
31:43 Imperial Age
30:54 Murder Holes
31:47 Wheelbarrow
31:22 Horse Collar
33:12 Cavalier
35:54 Heavy Scorpion
44:37 Ballistics
45:20 Chemistry
44:50 Pikeman
47:07 Man-at-Arms
47:12 Halberdier
Connection lost

Rejoining the realm…

Still unreachable

The connection could not be restored.

Session expired

The server has moved on; the page needs a fresh start.